Sharks vs Blackhawks
Created - January 27, 2021 at 19:10
Goals
|
| Sharks |
0 |
1 |
1 |
2 |
| Blackhawks |
3 |
2 |
0 |
5 |
|
Shots
|
| Sharks |
7 |
14 |
10 |
31 |
| Blackhawks |
9 |
9 |
15 |
33 |
|
1st period
1. Blackhawks , Nick Leddy 3 (Mike Comrie 6) at 3:04
2. Blackhawks , Rick Nash 13 (Antoine Roussel 23) at 4:01
3. Blackhawks , Johnny Gaudreau 14 (Cody Hodgson 11) at 6:14
Penalties :
Karl Alzner (SJS) for Slashing (Minor) at 0:43, David Rundblad (SJS) for High sticking (Minor) at 8:03
2nd period
4. Sharks , Drew Doughty 9 (Milan Michalek 9, Luke Adam 8) at 2:12
5. Blackhawks , Antoine Roussel 19 (John Carlson 23, Cody Hodgson 12) at 13:43
6. Blackhawks , John Carlson 8 (Derick Brassard 33) at 13:49
Penalties :
Brent Seabrook (Chi) for Goalie Interference (Minor) at 10:47, Brad Boyes (Chi) for Holding (Minor) at 14:34
3rd period
7. Sharks , PK Subban 2 (Mike Cammalleri 6, Jason Spezza 28) at 0:26 (PP)
Penalties :
Antoine Roussel (Chi) for Hooking (Minor) at 0:17, Johnny Gaudreau (Chi) for Roughing (Minor) at 10:54, T.J. Hensick (SJS) for Hooking (Minor) at 12:51, Derick Brassard (Chi) for Tripping (Minor) at 19:25
Goalie Stats
Antti Niemi (SJS), 16 saves from 17 shots - (0.941), 26:17 minutes
Ryan Miller (SJS), 12 saves from 16 shots - (0.750), L, 17-9-9, 33:43 minutes
Jimmy Howard (Chi), 29 saves from 31 shots - (0.935), W, 15-15-2, 60:00 minutes
Players Stats for Sharks
Player Name G A P +/- PIM S H SB GA TA FO MP PP MP PK MP
------------------------------------------------------------------------------------
Andrej Sekera 0 0 0 -1 0 0 1 0 0 0 0/0 11:22 0:00 0:00
Bobby Butler 0 0 0 1 0 1 0 0 0 0 2/2 10:19 0:00 0:00
Boone Jenner 0 0 0 -1 0 1 0 1 1 0 5/11 14:54 0:00 0:20
Brandon Dubinsky 0 0 0 -1 0 4 1 0 0 1 0/0 19:55 2:51 2:30
David Rundblad 0 0 0 -1 2 0 0 1 0 0 0/0 12:39 0:00 0:51
Drew Doughty 1 0 1 -2 0 5 2 0 1 1 0/0 29:06 3:45 3:19
Jason Spezza 0 1 1 -3 0 0 1 0 0 0 19/36 22:24 3:40 3:02
Jiri Tlusty 0 0 0 -1 0 0 1 1 0 0 0/1 6:38 0:00 0:00
Karl Alzner 0 0 0 -1 2 3 3 0 0 0 0/0 18:23 2:53 1:45
Luke Adam 0 1 1 1 0 1 0 0 0 0 1/3 10:19 0:00 0:00
Mike Cammalleri 0 1 1 -3 0 2 0 0 0 0 1/4 21:18 3:40 1:48
Milan Michalek 0 1 1 1 0 0 1 0 0 0 0/0 10:41 0:19 0:00
Nick Palmieri 0 0 0 -3 0 4 3 0 1 1 0/1 22:24 3:40 3:02
Oskar Osala 0 0 0 -1 0 2 2 0 0 1 0/0 17:23 2:46 0:00
PK Subban 1 0 1 -2 0 2 2 1 0 2 0/0 29:06 3:45 3:19
T.J. Hensick 0 0 0 -1 2 0 1 1 0 0 1/2 9:40 2:57 0:00
Tyler Cuma 0 0 0 -1 0 6 2 0 0 1 0/0 19:32 2:53 2:36
Zach Boychuk 0 0 0 -1 0 0 3 0 0 0 0/0 7:57 0:00 1:08
Players Stats for Blackhawks
Player Name G A P +/- PIM S H SB GA TA FO MP PP MP PK MP
------------------------------------------------------------------------------------
Antoine Roussel 1 1 2 3 2 5 0 0 3 0 2/6 23:23 2:58 3:26
Brad Boyes 0 0 0 1 2 3 0 1 2 0 0/0 15:56 2:40 0:00
Brent Seabrook 0 0 0 2 2 0 2 1 0 2 0/0 25:42 3:43 2:11
Cody Hodgson 0 2 2 1 0 2 2 2 0 0 6/11 17:17 2:40 1:23
Craig Cunningham 0 0 0 0 0 0 2 0 0 0 0/0 8:22 0:00 0:26
Derick Brassard 0 1 1 3 2 5 0 0 0 0 18/34 23:05 2:58 3:04
Dustin Kohn 0 0 0 -1 0 0 2 0 0 0 0/0 12:33 0:00 1:06
Garnet Hathaway 0 0 0 0 0 0 1 0 1 0 0/0 9:13 0:00 0:00
John Carlson 1 1 2 2 0 4 2 4 1 1 0/0 26:45 3:43 3:17
Johnny Gaudreau 1 0 1 1 2 3 1 0 0 0 0/0 18:04 2:51 2:00
Martins Karsums 0 0 0 0 0 1 1 0 0 0 0/0 7:53 0:00 0:00
Matthew Spiller 0 0 0 3 0 2 2 1 0 0 0/0 21:48 2:12 3:21
Mike Comrie 0 1 1 0 0 0 0 0 0 0 1/3 8:46 0:17 0:36
Nick Leddy 1 0 1 3 0 1 1 1 0 0 0/0 21:48 2:12 3:21
Patrick Marleau 0 0 0 0 0 2 0 0 0 0 0/1 11:41 0:00 2:21
Rick Nash 1 0 1 3 0 2 0 0 0 0 2/2 20:02 3:04 0:00
Ryan Whitney 0 0 0 -1 0 1 2 3 0 0 0/0 11:27 0:00 0:00
Tim Connolly 0 0 0 0 0 2 1 0 0 0 2/3 9:30 0:17 0:00
3 Stars
1 - John Carlson (Chi)
2 - Nick Leddy (Chi)
3 - Antoine Roussel (Chi)
Power Play
Sharks - 1 on 5 Attempt(s) - 20.00%
Blackhawks - 0 on 3 Attempt(s) - 0.00%
Penalty Kill
Sharks - 3 on 3 Attempt(s) - 100.00%
- Score 0 goal in Penalty Kill
Blackhawks - 4 on 5 Attempt(s) - 80.00%
- Score 0 goal in Penalty Kill
Team Stat
Sharks - Hits : 23 - Faceoff Wins : 29 - Blocked Shots : 5 - Penalty Minutes : 6
Blackhawks - Hits : 19 - Faceoff Wins : 31 - Blocked Shots : 13 - Penalty Minutes : 10
Official
Referees : Unknown
Linesman : Unknown
Game Notes
Antti Niemi enters game at 13:43 of 2nd period
19:48 of 2nd period - Sharks goal is going for a video replay. After video review, No Goal. The puck has been directed, batted or thrown into the net by an attacking player other than with a stick.
Finance
Level 1 -- Attendance: 5313 (88.55%) -- Ticket Income $515,361
Level 2 -- Attendance: 4735 (94.70%) -- Ticket Income $307,775
Level 3 -- Attendance: 1811 (90.55%) -- Ticket Income $72,440
Level 4 -- Attendance: 3703 (92.58%) -- Ticket Income $92,575
Luxury Box -- Attendance: 958 (95.80%) -- Ticket Income $172,440
Game was played at the Rexall Place.
Total Attendance: 16520 (91.78%)
Total Ticket Income: $1,160,591
Other Income: $174,089
Total Income: $1,334,680
Sharks
5 vs 5 Forward
Center Left Wing Right Wing Time % Phy DF OF
1 Jason Spezza Mike Cammalleri Nick Palmieri 40 1 2 2
2 Boone Jenner Brandon Dubinsky Oskar Osala 30 1 2 2
3 Luke Adam Milan Michalek Bobby Butler 20 1 2 2
4 T.J. Hensick Zach Boychuk Jiri Tlusty 10 1 2 2
5 vs 5 Defense
Defense Defense Time % Phy DF OF
1 Drew Doughty PK Subban 40 1 2 2
2 Tyler Cuma Karl Alzner 30 1 2 2
3 Andrej Sekera David Rundblad 20 1 2 2
4 Drew Doughty PK Subban 10 1 2 2
PowerPlay Forward
Center Left Wing Right Wing Time % Phy DF OF
1 Jason Spezza Mike Cammalleri Nick Palmieri 60 1 2 2
2 T.J. Hensick Brandon Dubinsky Oskar Osala 40 1 2 2
PowerPlay Defense
Defense Defense Time % Phy DF OF
1 Drew Doughty PK Subban 60 1 2 2
2 Tyler Cuma Karl Alzner 40 1 2 2
Penalty Kill 4 Players Forward
Center Wing Time % Phy DF OF
1 Jason Spezza Nick Palmieri 60 1 4 0
2 Mike Cammalleri Brandon Dubinsky 40 1 4 0
Penalty Kill 4 Players Defense
Defense Defense Time % Phy DF OF
1 Drew Doughty PK Subban 60 1 4 0
2 Tyler Cuma Karl Alzner 40 1 4 0
Penalty Kill - 3 Players Forward
Forward Time % Phy DF OF
1 Jason Spezza 60 1 4 0
2 Nick Palmieri 40 1 4 0
Penalty Kill - 3 Players Defense
Defense Defense Time % Phy DF OF
1 Drew Doughty PK Subban 60 1 4 0
2 Tyler Cuma Karl Alzner 40 1 4 0
4 vs 4 Forward
Center Wing Time % Phy DF OF
1 Jason Spezza Nick Palmieri 60 1 2 2
2 Mike Cammalleri Brandon Dubinsky 40 1 2 2
4 vs 4 Defense
Defense Defense Time % Phy DF OF
1 Drew Doughty PK Subban 60 1 2 2
2 Tyler Cuma Karl Alzner 40 1 2 2
Last Minutes Offensive
Center Left Wing Right Wing Defense Defense
Jason Spezza Mike Cammalleri Nick Palmieri Drew Doughty PK Subban
Last Minutes Defensive
Center Left Wing Right Wing Defense Defense
Jason Spezza Mike Cammalleri Nick Palmieri Drew Doughty PK Subban
Goaltenders
Starting : Ryan Miller
Backup : Antti Niemi
Extra Forwards
Normal : Milan Michalek, Bobby Butler, Zach Boychuk - PP : Milan Michalek, Bobby Butler - PK : Zach Boychuk
Extra Defensemen
Normal : Andrej Sekera, David Rundblad, Tyler Cuma - PP : Andrej Sekera - PK : David Rundblad, Tyler Cuma
Penalty Shots
Jason Spezza, Nick Palmieri, Mike Cammalleri, Brandon Dubinsky, Milan Michalek
Scratches
Brayden McNabb (Healthy), Alex Lintuniemi (Healthy)
Blackhawks
5 vs 5 Forward
Center Left Wing Right Wing Time % Phy DF OF
1 Derick Brassard Antoine Roussel Rick Nash 40 1 2 2
2 Cody Hodgson Johnny Gaudreau Brad Boyes 30 1 2 2
3 Tim Connolly Patrick Marleau Garnet Hathaway 20 1 2 2
4 Mike Comrie Craig Cunningham Martins Karsums 10 1 2 2
5 vs 5 Defense
Defense Defense Time % Phy DF OF
1 John Carlson Brent Seabrook 40 1 2 2
2 Matthew Spiller Nick Leddy 30 1 2 2
3 Ryan Whitney Dustin Kohn 20 1 2 2
4 John Carlson Brent Seabrook 10 1 2 2
PowerPlay Forward
Center Left Wing Right Wing Time % Phy DF OF
1 Derick Brassard Antoine Roussel Rick Nash 60 1 2 2
2 Cody Hodgson Johnny Gaudreau Brad Boyes 40 1 2 2
PowerPlay Defense
Defense Defense Time % Phy DF OF
1 John Carlson Brent Seabrook 60 1 2 2
2 Matthew Spiller Nick Leddy 40 1 2 2
Penalty Kill 4 Players Forward
Center Wing Time % Phy DF OF
1 Antoine Roussel Derick Brassard 60 1 2 2
2 Johnny Gaudreau Cody Hodgson 40 1 2 2
Penalty Kill 4 Players Defense
Defense Defense Time % Phy DF OF
1 John Carlson Brent Seabrook 60 1 2 2
2 Matthew Spiller Nick Leddy 40 1 2 2
Penalty Kill - 3 Players Forward
Forward Time % Phy DF OF
1 Antoine Roussel 60 1 2 2
2 Derick Brassard 40 1 2 2
Penalty Kill - 3 Players Defense
Defense Defense Time % Phy DF OF
1 John Carlson Brent Seabrook 60 1 2 2
2 Matthew Spiller Nick Leddy 40 1 2 2
4 vs 4 Forward
Center Wing Time % Phy DF OF
1 Antoine Roussel Derick Brassard 60 1 2 2
2 Johnny Gaudreau Cody Hodgson 40 1 2 2
4 vs 4 Defense
Defense Defense Time % Phy DF OF
1 John Carlson Brent Seabrook 60 1 2 2
2 Matthew Spiller Nick Leddy 40 1 2 2
Last Minutes Offensive
Center Left Wing Right Wing Defense Defense
Derick Brassard Antoine Roussel Rick Nash John Carlson Brent Seabrook
Last Minutes Defensive
Center Left Wing Right Wing Defense Defense
Derick Brassard Antoine Roussel Rick Nash John Carlson Brent Seabrook
Goaltenders
Starting : Jimmy Howard
Backup : Pekka Rinne
Extra Forwards
Normal : Tim Connolly, Mike Comrie, Patrick Marleau - PP : Tim Connolly, Mike Comrie - PK : Patrick Marleau
Extra Defensemen
Normal : Ryan Whitney, Dustin Kohn, Matthew Spiller - PP : Ryan Whitney - PK : Dustin Kohn, Matthew Spiller
Penalty Shots
Antoine Roussel, Derick Brassard, Johnny Gaudreau, Cody Hodgson, Rick Nash
Scratches
Dougie Hamilton (Healthy), Gabriel Bourque (Sprained Right Ankle Injury), Nathan Horton (Healthy)
% Time on Ice - Sharks
Lines # - Real PCT - Wanted PCT - Time Play
Normal Forward
1 - 33% - 40% - 15:42
2 - 31% - 30% - 14:46
3 - 22% - 20% - 10:19
4 - 14% - 10% - 6:38
Normal Defense
1 - 41% - 40% - 19:23
2 - 30% - 30% - 14:03
3 - 24% - 20% - 11:22
4 - 6% - 10% - 2:37
PP Forward
1 - 55% - 60% - 3:40
2 - 45% - 40% - 2:58
PP Defense
1 - 57% - 60% - 3:45
2 - 43% - 40% - 2:53
PK Forward
1 - 75% - 60% - 4:25
2 - 25% - 40% - 1:30
PK Defense
1 - 56% - 60% - 3:19
2 - 44% - 40% - 2:36
PK3 Forward
1 - 0% - 60%
2 - 0% - 40%
PK3 Defense
1 - 0% - 60%
2 - 0% - 40%
44 Forward
1 - 100% - 60% - 0:02
2 - 0% - 40% - 0:00
44 Defense
1 - 100% - 60% - 0:02
2 - 0% - 40% - 0:00
Last Minute Offensive - 0:00
Last Minute Defensive - 0:00
Total
Forward - 60:00
Defense - 60:00
|
% Time on Ice - Blackhawks
Lines # - Real PCT - Wanted PCT - Time Play
Normal Forward
1 - 36% - 40% - 17:05
2 - 28% - 30% - 13:14
3 - 19% - 20% - 9:13
4 - 17% - 10% - 7:53
Normal Defense
1 - 39% - 40% - 18:29
2 - 33% - 30% - 15:36
3 - 24% - 20% - 11:27
4 - 4% - 10% - 1:53
PP Forward
1 - 55% - 60% - 3:15
2 - 45% - 40% - 2:40
PP Defense
1 - 63% - 60% - 3:43
2 - 37% - 40% - 2:12
PK Forward
1 - 79% - 60% - 5:15
2 - 21% - 40% - 1:23
PK Defense
1 - 55% - 60% - 3:38
2 - 45% - 40% - 3:00
PK3 Forward
1 - 0% - 60%
2 - 0% - 40%
PK3 Defense
1 - 0% - 60%
2 - 0% - 40%
44 Forward
1 - 100% - 60% - 0:02
2 - 0% - 40% - 0:00
44 Defense
1 - 100% - 60% - 0:02
2 - 0% - 40% - 0:00
Last Minute Offensive - 0:00
Last Minute Defensive - 0:00
Total
Forward - 60:00
Defense - 60:00
|
Play-by-Play
1st period
0:01 of 1st period - Derick Brassard wins face-off versus Nick Palmieri in neutral zone.
0:26 of 1st period - John Carlson is hit by PK Subban and loses puck.
0:43 of 1st period - Minor Penalty to Karl Alzner for Slashing.
0:44 of 1st period - Derick Brassard wins face-off versus Jason Spezza in Sharks zone.
1:17 of 1st period - Snap shot by Cody Hodgson.
1:17 of 1st period - Stopped by Ryan Miller without a rebound.
1:18 of 1st period - Cody Hodgson wins face-off versus Mike Cammalleri in Sharks zone.
1:27 of 1st period - Snap shot by Johnny Gaudreau.
1:27 of 1st period - Stopped by Ryan Miller without a rebound.
1:28 of 1st period - Derick Brassard wins face-off versus Jason Spezza in Sharks zone.
1:29 of 1st period - Snap shot by Antoine Roussel.
1:29 of 1st period - Stopped by Ryan Miller with a rebound.
2:43 of 1st period - Penalty to Karl Alzner is over, Karl Alzner is back on ice.
3:00 of 1st period - Off-side.
3:01 of 1st period - Mike Comrie wins face-off versus T.J. Hensick in neutral zone.
3:04 of 1st period - Slapshot by Nick Leddy.
3:04 of 1st period - Deflect By Drew Doughty.
3:04 of 1st period - Goal by Nick Leddy - Sharks : 0 - Blackhawks : 1.
3:05 of 1st period - Derick Brassard wins face-off versus Jason Spezza in neutral zone.
3:13 of 1st period - Icing by Antoine Roussel.
3:14 of 1st period - Derick Brassard wins face-off versus Jason Spezza in Blackhawks zone.
3:23 of 1st period - Rick Nash is hit by Drew Doughty.
3:59 of 1st period - Wrist shot by Antoine Roussel.
3:59 of 1st period - Shot Misses the Net.
4:01 of 1st period - Wrist shot by Rick Nash.
4:01 of 1st period - Goal by Rick Nash - Sharks : 0 - Blackhawks : 2.
4:02 of 1st period - Cody Hodgson wins face-off versus Boone Jenner in neutral zone.
4:05 of 1st period - David Rundblad is hit by Ryan Whitney.
4:27 of 1st period - David Rundblad is hit by Garnet Hathaway and loses puck.
5:03 of 1st period - Wrist shot by Jason Spezza.
5:03 of 1st period - Shot Misses the Net.
5:33 of 1st period - Cody Hodgson is hit by Zach Boychuk and loses puck.
5:42 of 1st period - Slapshot by Brad Boyes.
5:42 of 1st period - Stopped by Ryan Miller without a rebound.
5:43 of 1st period - Boone Jenner wins face-off versus Derick Brassard in Sharks zone.
5:43 of 1st period - Boone Jenner is hit by Ryan Whitney.
6:14 of 1st period - Wrist shot by Johnny Gaudreau.
6:14 of 1st period - Goal by Johnny Gaudreau - Sharks : 0 - Blackhawks : 3.
6:15 of 1st period - Jason Spezza wins face-off versus Cody Hodgson in neutral zone.
6:18 of 1st period - Matthew Spiller is hit by Karl Alzner and loses puck.
6:41 of 1st period - Brandon Dubinsky is hit by Nick Leddy and loses puck.
7:06 of 1st period - Brent Seabrook is hit by Milan Michalek and loses puck.
7:49 of 1st period - Snap shot by Jason Spezza.
7:49 of 1st period - Shot Misses the Net.
8:03 of 1st period - Minor Penalty to David Rundblad for High sticking.
8:04 of 1st period - Derick Brassard wins face-off versus Jason Spezza in Sharks zone.
10:03 of 1st period - Penalty to David Rundblad is over, David Rundblad is back on ice.
10:25 of 1st period - Wrist shot by Tim Connolly.
10:25 of 1st period - Shot Misses the Net.
10:37 of 1st period - Dustin Kohn is hit by Brandon Dubinsky and loses puck.
10:58 of 1st period - Nick Leddy is hit by Andrej Sekera and loses puck.
12:05 of 1st period - Johnny Gaudreau is hit by Oskar Osala and loses puck.
13:15 of 1st period - Karl Alzner is hit by Craig Cunningham and loses puck.
13:44 of 1st period - Slapshot by Tyler Cuma.
13:44 of 1st period - Stopped by Jimmy Howard with a rebound.
13:46 of 1st period - Slapshot by Karl Alzner.
13:46 of 1st period - Stopped by Jimmy Howard with a rebound.
13:48 of 1st period - Wrist shot by Tyler Cuma.
13:48 of 1st period - Stopped by Jimmy Howard without a rebound.
13:49 of 1st period - Jason Spezza wins face-off versus Cody Hodgson in Blackhawks zone.
14:39 of 1st period - Snap shot by Drew Doughty.
14:39 of 1st period - Deflect By Garnet Hathaway.
14:39 of 1st period - Stopped by Jimmy Howard with a rebound.
14:41 of 1st period - Slapshot by Drew Doughty.
14:41 of 1st period - Shot Misses the Net.
14:58 of 1st period - Icing by Garnet Hathaway.
14:59 of 1st period - T.J. Hensick wins face-off versus Tim Connolly in Blackhawks zone.
15:12 of 1st period - Icing by Nick Palmieri.
15:13 of 1st period - Derick Brassard wins face-off versus Jason Spezza in Sharks zone.
15:14 of 1st period - Slapshot by Rick Nash.
15:14 of 1st period - Stopped by Ryan Miller with a rebound.
15:20 of 1st period - Rick Nash is hit by Nick Palmieri and loses puck.
15:45 of 1st period - Slapshot by Boone Jenner.
15:45 of 1st period - Shot Blocked by Cody Hodgson.
16:07 of 1st period - PK Subban is hit by Brent Seabrook and loses puck.
16:20 of 1st period - Mike Comrie is hit by Jiri Tlusty and loses puck.
16:47 of 1st period - Snap shot by Boone Jenner.
16:47 of 1st period - Deflect By Brandon Dubinsky.
16:47 of 1st period - Stopped by Jimmy Howard with a rebound.
16:49 of 1st period - Slapshot by Tyler Cuma.
16:49 of 1st period - Shot Blocked by Ryan Whitney.
16:51 of 1st period - Wrist shot by Boone Jenner.
16:51 of 1st period - Shot Misses the Net.
16:53 of 1st period - Snap shot by Tyler Cuma.
16:53 of 1st period - Deflect By Craig Cunningham.
16:53 of 1st period - Stopped by Jimmy Howard without a rebound.
16:54 of 1st period - Rick Nash wins face-off versus Mike Cammalleri in Blackhawks zone.
17:27 of 1st period - Slapshot by Boone Jenner.
17:27 of 1st period - Shot Misses the Net.
17:29 of 1st period - Wrist shot by Oskar Osala.
17:29 of 1st period - Deflect By Brandon Dubinsky.
17:29 of 1st period - Stopped by Jimmy Howard with a rebound.
17:31 of 1st period - Slapshot by Tyler Cuma.
17:31 of 1st period - Deflect By Brandon Dubinsky.
17:31 of 1st period - Shot Misses the Net.
17:31 of 1st period - Puck is out of play.
17:32 of 1st period - Jason Spezza wins face-off versus Derick Brassard in Blackhawks zone.
17:47 of 1st period - Snap shot by Derick Brassard.
17:47 of 1st period - Shot Misses the Net.
17:49 of 1st period - Wrist shot by John Carlson.
17:49 of 1st period - Shot Misses the Net.
17:59 of 1st period - Snap shot by Tim Connolly.
17:59 of 1st period - Stopped by Ryan Miller with a rebound.
18:01 of 1st period - Wrist shot by Tim Connolly.
18:01 of 1st period - Shot Misses the Net.
18:45 of 1st period - Derick Brassard is hit by Drew Doughty.
19:45 of 1st period - Matthew Spiller is hit by Tyler Cuma and loses puck.
Goals for this period are 0 for Sharks vs 3 for Blackhawks.
Shots for this period are 7 for Sharks vs 9 for Blackhawks.
2nd period
0:01 of 2nd period - Derick Brassard wins face-off versus Jason Spezza in neutral zone.
0:25 of 2nd period - Oskar Osala is hit by Johnny Gaudreau and loses puck.
1:10 of 2nd period - David Rundblad is hit by John Carlson and loses puck.
1:17 of 2nd period - Wrist shot by John Carlson.
1:17 of 2nd period - Deflect By Patrick Marleau.
1:17 of 2nd period - Stopped by Ryan Miller without a rebound.
1:18 of 2nd period - Jason Spezza wins face-off versus Derick Brassard in Sharks zone.
2:12 of 2nd period - Slapshot by Drew Doughty.
2:12 of 2nd period - Goal by Drew Doughty - Sharks : 1 - Blackhawks : 3.
2:13 of 2nd period - Derick Brassard wins face-off versus Jason Spezza in neutral zone.
2:45 of 2nd period - Slapshot by Brandon Dubinsky.
2:45 of 2nd period - Shot Blocked by John Carlson.
3:00 of 2nd period - Off-side.
3:01 of 2nd period - Tim Connolly wins face-off versus Luke Adam in neutral zone.
3:14 of 2nd period - Snap shot by Tim Connolly.
3:14 of 2nd period - Shot Misses the Net.
3:38 of 2nd period - Snap shot by Nick Palmieri.
3:38 of 2nd period - Stopped by Jimmy Howard with a rebound.
3:48 of 2nd period - Wrist shot by Brandon Dubinsky.
3:48 of 2nd period - Stopped by Jimmy Howard with a rebound.
4:15 of 2nd period - Snap shot by Johnny Gaudreau.
4:15 of 2nd period - Deflect By Brad Boyes.
4:15 of 2nd period - Stopped by Ryan Miller without a rebound.
4:16 of 2nd period - Jason Spezza wins face-off versus Derick Brassard in Sharks zone.
4:43 of 2nd period - John Carlson is hit by Zach Boychuk and loses puck.
5:30 of 2nd period - Snap shot by Bobby Butler.
5:30 of 2nd period - Shot Misses the Net.
5:32 of 2nd period - Wrist shot by Bobby Butler.
5:32 of 2nd period - Stopped by Jimmy Howard with a rebound.
5:34 of 2nd period - Snap shot by Karl Alzner.
5:34 of 2nd period - Deflect By John Carlson.
5:34 of 2nd period - Stopped by Jimmy Howard with a rebound.
5:42 of 2nd period - Slapshot by Tyler Cuma.
5:42 of 2nd period - Stopped by Jimmy Howard with a rebound.
6:20 of 2nd period - Snap shot by Cody Hodgson.
6:20 of 2nd period - Shot Blocked by T.J. Hensick.
6:32 of 2nd period - Slapshot by Oskar Osala.
6:32 of 2nd period - Stopped by Jimmy Howard with a rebound.
6:34 of 2nd period - Wrist shot by Oskar Osala.
6:34 of 2nd period - Shot Misses the Net.
6:38 of 2nd period - Slapshot by Boone Jenner.
6:38 of 2nd period - Deflect By Brandon Dubinsky.
6:38 of 2nd period - Shot Blocked by Brent Seabrook.
6:38 of 2nd period - Puck is out of play.
6:39 of 2nd period - Jason Spezza wins face-off versus Derick Brassard in Blackhawks zone.
7:06 of 2nd period - Oskar Osala is hit by Cody Hodgson and loses puck.
7:29 of 2nd period - Slapshot by Tim Connolly.
7:29 of 2nd period - Shot Misses the Net.
7:45 of 2nd period - Icing by Andrej Sekera.
7:46 of 2nd period - Bobby Butler wins face-off versus Mike Comrie in Sharks zone.
7:46 of 2nd period - Bobby Butler is hit by Dustin Kohn.
7:52 of 2nd period - Snap shot by Martins Karsums.
7:52 of 2nd period - Shot Misses the Net.
7:54 of 2nd period - Slapshot by Mike Comrie.
7:54 of 2nd period - Shot Blocked by David Rundblad.
7:56 of 2nd period - Slapshot by Dustin Kohn.
7:56 of 2nd period - Shot Misses the Net.
7:58 of 2nd period - Slapshot by Ryan Whitney.
7:58 of 2nd period - Stopped by Ryan Miller without a rebound.
7:59 of 2nd period - Derick Brassard wins face-off versus Jason Spezza in Sharks zone.
8:16 of 2nd period - Wrist shot by Derick Brassard.
8:16 of 2nd period - Stopped by Ryan Miller with a rebound.
8:30 of 2nd period - Wrist shot by Drew Doughty.
8:30 of 2nd period - Deflect By Boone Jenner.
8:30 of 2nd period - Shot Misses the Net.
8:30 of 2nd period - Puck is out of play.
8:31 of 2nd period - Cody Hodgson wins face-off versus Boone Jenner in Blackhawks zone.
8:42 of 2nd period - Wrist shot by Brandon Dubinsky.
8:42 of 2nd period - Stopped by Jimmy Howard with a rebound.
8:44 of 2nd period - Slapshot by Karl Alzner.
8:44 of 2nd period - Shot Blocked by Cody Hodgson.
8:46 of 2nd period - Backhand shot by Karl Alzner.
8:46 of 2nd period - Stopped by Jimmy Howard with a rebound.
9:04 of 2nd period - Icing by Derick Brassard.
9:05 of 2nd period - Derick Brassard wins face-off versus Boone Jenner in Blackhawks zone.
9:07 of 2nd period - Icing by Antoine Roussel.
9:08 of 2nd period - Derick Brassard wins face-off versus Boone Jenner in Blackhawks zone.
9:17 of 2nd period - Oskar Osala is hit by Matthew Spiller and loses puck.
10:00 of 2nd period - Slapshot by Drew Doughty.
10:00 of 2nd period - Stopped by Jimmy Howard with a rebound.
10:33 of 2nd period - Slapshot by Derick Brassard.
10:33 of 2nd period - Stopped by Ryan Miller without a rebound.
10:34 of 2nd period - Jason Spezza wins face-off versus Cody Hodgson in Sharks zone.
10:34 of 2nd period - Nick Palmieri is hit by Cody Hodgson.
10:38 of 2nd period - Backhand shot by John Carlson.
10:38 of 2nd period - Stopped by Ryan Miller with a rebound.
10:40 of 2nd period - Slapshot by Brent Seabrook.
10:40 of 2nd period - Deflect By Johnny Gaudreau.
10:40 of 2nd period - Shot Misses the Net.
10:40 of 2nd period - Puck is out of play.
10:41 of 2nd period - Jason Spezza wins face-off versus Cody Hodgson in Sharks zone.
10:47 of 2nd period - Minor Penalty to Brent Seabrook for Goalie Interference.
10:48 of 2nd period - Jason Spezza wins face-off versus Antoine Roussel in Blackhawks zone.
10:53 of 2nd period - Slapshot by Nick Palmieri.
10:53 of 2nd period - Shot Hit the Post.
10:55 of 2nd period - Snap shot by Mike Cammalleri.
10:55 of 2nd period - Shot Misses the Net.
10:57 of 2nd period - Slapshot by Tyler Cuma.
10:57 of 2nd period - Shot Blocked by John Carlson.
11:13 of 2nd period - Dustin Kohn is hit by Oskar Osala and loses puck.
12:18 of 2nd period - T.J. Hensick is hit by Craig Cunningham and loses puck.
12:35 of 2nd period - Johnny Gaudreau is hit by Jason Spezza and loses puck.
12:47 of 2nd period - Penalty to Brent Seabrook is over, Brent Seabrook is back on ice.
13:21 of 2nd period - Bobby Butler is hit by Matthew Spiller and loses puck.
13:25 of 2nd period - Icing by Milan Michalek.
13:26 of 2nd period - Cody Hodgson wins face-off versus Luke Adam in Sharks zone.
13:43 of 2nd period - Snap shot by Antoine Roussel.
13:43 of 2nd period - Goal by Antoine Roussel - Sharks : 1 - Blackhawks : 4.
13:43 of 2nd period - Antti Niemi enters game.
13:44 of 2nd period - Derick Brassard wins face-off versus Jason Spezza in neutral zone.
13:49 of 2nd period - Slapshot by John Carlson.
13:49 of 2nd period - Goal by John Carlson - Sharks : 1 - Blackhawks : 5.
13:50 of 2nd period - Jason Spezza wins face-off versus Derick Brassard in neutral zone.
14:26 of 2nd period - Wrist shot by Oskar Osala.
14:26 of 2nd period - Shot Blocked by Brad Boyes.
14:28 of 2nd period - Slapshot by Boone Jenner.
14:28 of 2nd period - Stopped by Jimmy Howard with a rebound.
14:34 of 2nd period - Minor Penalty to Brad Boyes for Holding.
14:35 of 2nd period - Antoine Roussel wins face-off versus Jason Spezza in Blackhawks zone.
15:08 of 2nd period - Slapshot by PK Subban.
15:08 of 2nd period - Shot Blocked by Matthew Spiller.
15:10 of 2nd period - Backhand shot by PK Subban.
15:10 of 2nd period - Deflect By Cody Hodgson.
15:10 of 2nd period - Stopped by Jimmy Howard with a rebound.
15:12 of 2nd period - Slapshot by Karl Alzner.
15:12 of 2nd period - Shot Misses the Net.
16:34 of 2nd period - Penalty to Brad Boyes is over, Brad Boyes is back on ice.
17:12 of 2nd period - Brandon Dubinsky is hit by Dustin Kohn and loses puck.
18:02 of 2nd period - Karl Alzner is hit by Martins Karsums and loses puck.
18:39 of 2nd period - Zach Boychuk is hit by Tim Connolly and loses puck.
19:11 of 2nd period - Wrist shot by Martins Karsums.
19:11 of 2nd period - Stopped by Antti Niemi without a rebound.
19:12 of 2nd period - Boone Jenner wins face-off versus Mike Comrie in Sharks zone.
19:29 of 2nd period - Cody Hodgson is hit by Karl Alzner and loses puck.
19:48 of 2nd period - Slapshot by Drew Doughty.
19:48 of 2nd period - Sharks goal is going for a video replay.
19:48 of 2nd period - The goal is refused. The puck has been directed, batted or thrown into the net by an attacking player other than with a stick..
19:49 of 2nd period - Luke Adam wins face-off versus Derick Brassard in Blackhawks zone.
19:50 of 2nd period - Snap shot by Bobby Butler.
19:50 of 2nd period - Deflect By Luke Adam.
19:50 of 2nd period - Stopped by Jimmy Howard without a rebound.
19:51 of 2nd period - Bobby Butler wins face-off versus Derick Brassard in Blackhawks zone.
19:52 of 2nd period - Slapshot by Drew Doughty.
19:52 of 2nd period - Shot Blocked by Nick Leddy.
Goals for this period are 1 for Sharks vs 2 for Blackhawks.
Shots for this period are 14 for Sharks vs 9 for Blackhawks.
3rd period
0:01 of 3rd period - Jason Spezza wins face-off versus Derick Brassard in neutral zone.
0:17 of 3rd period - Minor Penalty to Antoine Roussel for Hooking.
0:18 of 3rd period - Jason Spezza wins face-off versus Patrick Marleau in Blackhawks zone.
0:20 of 3rd period - Slapshot by Jason Spezza.
0:20 of 3rd period - Deflect By Mike Cammalleri.
0:20 of 3rd period - Stopped by Jimmy Howard with a rebound.
0:22 of 3rd period - Snap shot by Mike Cammalleri.
0:22 of 3rd period - Shot Misses the Net.
0:24 of 3rd period - Snap shot by Mike Cammalleri.
0:24 of 3rd period - Shot Misses the Net.
0:26 of 3rd period - Slapshot by PK Subban.
0:26 of 3rd period - Goal by PK Subban - Sharks : 2 - Blackhawks : 5.
0:27 of 3rd period - Rick Nash wins face-off versus Jason Spezza in neutral zone.
0:29 of 3rd period - Off-side.
0:30 of 3rd period - Mike Cammalleri wins face-off versus Derick Brassard in neutral zone.
0:35 of 3rd period - Slapshot by Jason Spezza.
0:35 of 3rd period - Shot Blocked by John Carlson.
0:37 of 3rd period - Snap shot by Mike Cammalleri.
0:37 of 3rd period - Shot Misses the Net.
0:45 of 3rd period - Slapshot by Nick Palmieri.
0:45 of 3rd period - Shot Misses the Net.
0:52 of 3rd period - Icing by Brent Seabrook.
0:53 of 3rd period - Derick Brassard wins face-off versus Boone Jenner in Blackhawks zone.
1:06 of 3rd period - Wrist shot by Oskar Osala.
1:06 of 3rd period - Stopped by Jimmy Howard without a rebound.
1:07 of 3rd period - Jason Spezza wins face-off versus Derick Brassard in Blackhawks zone.
1:12 of 3rd period - Slapshot by Nick Palmieri.
1:12 of 3rd period - Stopped by Jimmy Howard without a rebound.
1:13 of 3rd period - Derick Brassard wins face-off versus Jason Spezza in Blackhawks zone.
2:51 of 3rd period - Snap shot by Derick Brassard.
2:51 of 3rd period - Stopped by Antti Niemi with a rebound.
2:53 of 3rd period - Slapshot by Matthew Spiller.
2:53 of 3rd period - Stopped by Antti Niemi with a rebound.
3:15 of 3rd period - Snap shot by Oskar Osala.
3:15 of 3rd period - Shot Blocked by Ryan Whitney.
3:17 of 3rd period - Slapshot by David Rundblad.
3:17 of 3rd period - Shot Blocked by Ryan Whitney.
3:19 of 3rd period - Backhand shot by David Rundblad.
3:19 of 3rd period - Shot Misses the Net.
3:29 of 3rd period - Snap shot by Jiri Tlusty.
3:29 of 3rd period - Shot Misses the Net.
3:31 of 3rd period - Backhand shot by Drew Doughty.
3:31 of 3rd period - Stopped by Jimmy Howard without a rebound.
3:32 of 3rd period - Derick Brassard wins face-off versus Jiri Tlusty in Blackhawks zone.
3:37 of 3rd period - Slapshot by Derick Brassard.
3:37 of 3rd period - Shot Misses the Net.
3:39 of 3rd period - Slapshot by Brent Seabrook.
3:39 of 3rd period - Shot Blocked by Jiri Tlusty.
3:41 of 3rd period - Slapshot by Antoine Roussel.
3:41 of 3rd period - Stopped by Antti Niemi with a rebound.
3:43 of 3rd period - Slapshot by John Carlson.
3:43 of 3rd period - Stopped by Antti Niemi with a rebound.
3:45 of 3rd period - Snap shot by Derick Brassard.
3:45 of 3rd period - Shot Blocked by PK Subban.
4:09 of 3rd period - Snap shot by John Carlson.
4:09 of 3rd period - Shot Misses the Net.
6:11 of 3rd period - Slapshot by Tim Connolly.
6:11 of 3rd period - Stopped by Antti Niemi with a rebound.
6:13 of 3rd period - Slapshot by Matthew Spiller.
6:13 of 3rd period - Shot Misses the Net.
6:15 of 3rd period - Slapshot by Patrick Marleau.
6:15 of 3rd period - Stopped by Antti Niemi with a rebound.
6:17 of 3rd period - Slapshot by Matthew Spiller.
6:17 of 3rd period - Stopped by Antti Niemi without a rebound.
6:18 of 3rd period - Jason Spezza wins face-off versus Cody Hodgson in Sharks zone.
6:18 of 3rd period - Jason Spezza is hit by John Carlson.
6:30 of 3rd period - Snap shot by Jason Spezza.
6:30 of 3rd period - Shot Misses the Net.
7:05 of 3rd period - Rick Nash is hit by PK Subban.
7:48 of 3rd period - Snap shot by Nick Palmieri.
7:48 of 3rd period - Stopped by Jimmy Howard without a rebound.
7:49 of 3rd period - Jason Spezza wins face-off versus Derick Brassard in Blackhawks zone.
8:05 of 3rd period - Icing by Antoine Roussel.
8:06 of 3rd period - Boone Jenner wins face-off versus Derick Brassard in Blackhawks zone.
8:50 of 3rd period - Icing by Jason Spezza.
8:51 of 3rd period - Tim Connolly wins face-off versus Jason Spezza in Sharks zone.
9:02 of 3rd period - Wrist shot by Nick Palmieri.
9:02 of 3rd period - Stopped by Jimmy Howard without a rebound.
9:03 of 3rd period - Boone Jenner wins face-off versus Derick Brassard in Blackhawks zone.
9:04 of 3rd period - Slapshot by Drew Doughty.
9:04 of 3rd period - Shot Misses the Net.
9:12 of 3rd period - Slapshot by John Carlson.
9:12 of 3rd period - Stopped by Antti Niemi without a rebound.
9:13 of 3rd period - Boone Jenner wins face-off versus Derick Brassard in Sharks zone.
9:36 of 3rd period - Wrist shot by Derick Brassard.
9:36 of 3rd period - Stopped by Antti Niemi with a rebound.
9:38 of 3rd period - Wrist shot by Derick Brassard.
9:38 of 3rd period - Stopped by Antti Niemi with a rebound.
9:40 of 3rd period - Snap shot by Antoine Roussel.
9:40 of 3rd period - Deflect By Derick Brassard.
9:40 of 3rd period - Shot Misses the Net.
9:40 of 3rd period - Puck is out of play.
9:41 of 3rd period - Cody Hodgson wins face-off versus Jason Spezza in Sharks zone.
9:52 of 3rd period - Wrist shot by Johnny Gaudreau.
9:52 of 3rd period - Shot Misses the Net.
9:54 of 3rd period - Wrist shot by Johnny Gaudreau.
9:54 of 3rd period - Stopped by Antti Niemi without a rebound.
9:55 of 3rd period - Derick Brassard wins face-off versus Mike Cammalleri in Sharks zone.
9:58 of 3rd period - Snap shot by Antoine Roussel.
9:58 of 3rd period - Stopped by Antti Niemi without a rebound.
9:59 of 3rd period - Derick Brassard wins face-off versus Jason Spezza in Sharks zone.
10:12 of 3rd period - Snap shot by Antoine Roussel.
10:12 of 3rd period - Stopped by Antti Niemi without a rebound.
10:13 of 3rd period - Jason Spezza wins face-off versus Derick Brassard in Sharks zone.
10:54 of 3rd period - Minor Penalty to Johnny Gaudreau for Roughing.
10:55 of 3rd period - Jason Spezza wins face-off versus Antoine Roussel in Blackhawks zone.
10:57 of 3rd period - Wrist shot by Nick Palmieri.
10:57 of 3rd period - Deflect By Mike Cammalleri.
10:57 of 3rd period - Stopped by Jimmy Howard with a rebound.
12:21 of 3rd period - Matthew Spiller is hit by Nick Palmieri and loses puck.
12:51 of 3rd period - Minor Penalty to T.J. Hensick for Hooking.
12:52 of 3rd period - Jason Spezza wins face-off versus Antoine Roussel in Sharks zone.
12:54 of 3rd period - Penalty to Johnny Gaudreau is over, Johnny Gaudreau is back on ice.
12:57 of 3rd period - John Carlson is hit by Nick Palmieri and loses puck.
14:02 of 3rd period - Matthew Spiller is hit by Tyler Cuma and loses puck.
14:38 of 3rd period - John Carlson is hit by Zach Boychuk.
14:51 of 3rd period - Penalty to T.J. Hensick is over, T.J. Hensick is back on ice.
15:00 of 3rd period - David Rundblad is hit by Brent Seabrook and loses puck.
15:37 of 3rd period - Snap shot by Cody Hodgson.
15:37 of 3rd period - Shot Blocked by Boone Jenner.
15:49 of 3rd period - Nick Leddy is hit by Karl Alzner.
17:02 of 3rd period - Snap shot by Brad Boyes.
17:02 of 3rd period - Stopped by Antti Niemi with a rebound.
17:04 of 3rd period - Snap shot by Cody Hodgson.
17:04 of 3rd period - Stopped by Antti Niemi with a rebound.
17:28 of 3rd period - Garnet Hathaway is hit by T.J. Hensick.
18:42 of 3rd period - Off-side.
18:43 of 3rd period - Cody Hodgson wins face-off versus Boone Jenner in neutral zone.
19:13 of 3rd period - Slapshot by Tyler Cuma.
19:13 of 3rd period - Stopped by Jimmy Howard with a rebound.
19:25 of 3rd period - Minor Penalty to Derick Brassard for Tripping.
19:26 of 3rd period - Antoine Roussel wins face-off versus Jason Spezza in Blackhawks zone.
19:39 of 3rd period - Slapshot by Nick Leddy.
19:39 of 3rd period - Shot Misses the Net.
19:51 of 3rd period - Wrist shot by T.J. Hensick.
19:51 of 3rd period - Shot Misses the Net.
19:53 of 3rd period - Snap shot by Karl Alzner.
19:53 of 3rd period - Shot Blocked by John Carlson.
19:55 of 3rd period - Snap shot by Tyler Cuma.
19:55 of 3rd period - Stopped by Jimmy Howard without a rebound.
19:56 of 3rd period - Jason Spezza wins face-off versus Antoine Roussel in Blackhawks zone.
Goals for this period are 1 for Sharks vs 0 for Blackhawks.
Shots for this period are 10 for Sharks vs 15 for Blackhawks.